 Dungeon Crawl Stone Soup version 0.24-a0-375-g4de66ed42b (webtiles) character file.

Game seed: 7472804057638739073

44 Brecoman the Skirmisher (level 3, 0/30 HPs)
             Began as a Formicid Abyssal Knight on May 31, 2019.
             Was a Believer of Lugonu.
             Slain by a goblin
             ... wielding a +0 club
             ... led by Robin
              (3 damage)
             ... on level 1 of the Dungeon.
             The game lasted 00:05:03 (2195 turns).

Brecoman the Skirmisher (Formicid Abyssal Knight)   Turns: 2195, Time: 00:05:03

Health: 0/30       AC:  3    Str: 17    XL:     3   Next: 85%
Magic:  5/5        EV: 11    Int: 11    God:    Lugonu [**....]
Gold:   90         SH:  0    Dex: 10    Spells: 2/2 levels left

rFire    . . .     SeeInvis +   a - +1 falchion
rCold    . . .     Gourm    .   (no shield)
rNeg     . . .     Faith    .   b - +0 leather armour
rPois    .         Spirit   .   (helmet unavailable)
rElec    .         Reflect  .   (no cloak)
rCorr    .         Harm     .   (no gloves)
MR       .....                  (no boots)
Stlth    +.........             (no amulet)
HPRegen  0.10/turn              (no ring)
MPRegen  0.09/turn              (no ring)

@: no status effects
A: permanent stasis, dig shafts and tunnels, four strong arms, antennae 3
a: Dig, Shaft Self, Depart the Abyss, Bend Space, Renounce Religion


You were on level 1 of the Dungeon.
You worshipped Lugonu.
Lugonu was pleased with you.
You were very hungry.

You visited 1 branch of the dungeon, and saw 2 of its levels.
You visited the Abyss 1 time.

You collected 90 gold pieces.

Inventory:

Hand Weapons
 a - a +1 falchion (weapon)
Missiles
 d - 69 stones (quivered)
Armour
 b - a +0 leather armour (worn)
Jewellery
 j - an uncursed ring of wizardry {unknown}
Scrolls
 e - a scroll of remove curse {unknown}
 g - a scroll of identify {unknown}
 h - a scroll of noise {unknown}
 k - a scroll of teleportation {unknown}
 m - a scroll of magic mapping {unknown}
Potions
 i - 2 potions of haste {unknown}
 l - 2 potions of might {unknown}
 n - a potion of cancellation {unknown}
Comestibles
 c - 3 rations


   Skills:
 + Level 3.8 Fighting
 - Level 2.0 Long Blades
 + Level 3.0 Armour
 - Level 0.8 Dodging
 + Level 3.2 Invocations


You had 2 spell levels left.
You didn't know any spells.
Your spell library was empty.

Dungeon Overview and Level Annotations

Branches:
Dungeon (2/15)

Altars:

Annotations:
D:1 Robin
D:2 Natasha


Innate Abilities, Weirdness & Mutations

You cannot be hasted, slowed, berserked, paralysed or teleported.
You can dig through walls and to a lower floor.
Your four strong arms can wield two-handed weapons with a shield.
You have a pair of large antennae on your head. (SInv)


Message History

Lugonu accepts your kill.
You hit the goblin.
The goblin is moderately wounded.
The goblin hits you with a +0 club.
* * * LOW HITPOINT WARNING * * *
You barely miss the goblin.
The goblin is moderately wounded.
The goblin hits you with a +0 club.
* * * LOW HITPOINT WARNING * * *
The goblin hits you but does no damage. Robin throws the goblin at you!
The goblin completely misses you.
You riposte.
You miss the goblin. The goblin hits you but does no damage.
You slash the goblin!
You kill the goblin!
Lugonu accepts your kill.
The goblin no longer looks unusually strong. x2
The goblin barely misses you. The goblin hits you with a +0 club.
You die...

# #.....######
######################.....).....
..........................>).....
.........############.....)......
.........# #............
.........# #............
.........# ######..##########
.........# #.ggg...##......).
....(....#######@#####.##........
#+##+###.............#)##........
.................##..#...........
#.##.###.#######).......(.#######
#.##.......# ##.##.##....#######
#.######.#.####..................
#........#.#.....................
####.......#.....................
############..........###########


You could see Robin and 2 goblins.

Vanquished Creatures
  A worm (D:1)
  A dart slug (D:1)
  2 bats
  A giant cockroach (D:1)
  10 goblins
  3 hobgoblins (D:1)
  3 kobolds (D:1)
  2 frilled lizards (D:1)
  18 rats
41 creatures vanquished.

Notes
Turn   | Place    | Note
-------+----------+-------------------------------------------
     0 | Abyss:1  | Brecoman the Formicid Abyssal Knight began the quest for
                  | the Orb.
     0 | Abyss:1  | Reached XP level 1. HP: 18/18 MP: 2/2
    30 | Abyss:1  | Noticed a hellion
    30 | Abyss:1  | Noticed a sixfirhy
    31 | D:1      | Escaped the Abyss
   147 | D:1      | Reached * piety under Lugonu
   150 | D:1      | Reached XP level 2. HP: 18/24 MP: 3/3
  1009 | D:1      | Reached XP level 3. HP: 30/30 MP: 5/5
  1343 | D:2      | Noticed Natasha
  1415 | D:2      | Noticed Robin
  2168 | D:1      | Reached ** piety under Lugonu
  2195 | D:1      | Slain by a goblin

Levels and vault maps discovered:
D:1:      erik_arrival_orb_chamber, layout_basic
D:2:      layout_rooms, uniq_robin, uniq_natasha

Skill      XL: |  1  2  3 |
---------------+----------+-----
Invocations    | 3 |  3.2
Armour         | 3 |  3.0
Fighting       | |  3.8
Long Blades    | |  2.0
Dodging        | |  0.8

Action                   || total
-------------------------++-------
Melee: Falchion          ||    95
Throw: Stone             ||     5
Invok: Depart the Abyss  ||     1
  Eat: Chunk             ||     3
Armor: Leather armour    ||    27
Dodge: Dodged            ||    79
       Rpst.: Falchion   ||    34

Table legend:
 A = Non-vault XP
 B = Vault XP
 C = Vault XP percentage of total XP
 D = Non-vault monster count
 E = Vault monster count
 F = Vault count percentage of total count
                 A         B        C        D         E       F
            +---------+---------+-------+---------+---------+-------
      Total |      36 |      27 |  42.9 |      21 |      20 |  48.8
            +---------+---------+-------+---------+---------+-------
        D:1 |      32 |      27 |  45.8 |      18 |      20 |  52.6
        D:2 |       4 |       0 |   0.0 |       3 |       0 |   0.0
            +---------+---------+-------+---------+---------+-------
